 Dungeon Crawl Stone Soup version 0.29-a0-322-g68df515428 (webtiles) character file.

Game seed: 12537650301327433436

2947 kae the Arsonist (level 9, -6/52 HPs)
             Began as a Tengu Fire Elementalist on Apr 7, 2022.
             Was a Follower of Sif Muna.
             Engulfed by Maggie's steam (8 damage)
             ... on level 7 of the Dungeon.
             The game lasted 00:05:53 (9781 turns).

kae the Arsonist (Tengu Fire Elementalist)          Turns: 9781, Time: 00:05:54

Health: -6/52      AC:  4    Str: 10    XL:     9   Next: 80%
Magic:  12/17      EV: 17    Int: 19    God:    Sif Muna [*.....]
Gold:   386        SH:  0    Dex: 14    Spells: 11/17 levels left

rFire   . . .      SeeInvis .   d - +0 dagger
rCold   . . .      Faith    .   (no shield)
rNeg    + . .      Spirit   .   a - +0 robe
rPois   .          Reflect  .   l - +2 hat
rElec   .          Harm     .   (no cloak)
rCorr   .          Rampage  .   (no gloves)
Will    .....                   (boots unavailable)
Stlth   ++........              (no amulet)
HPRegen 0.17/turn               o - ring of positive energy
MPRegen 0.15/turn               (no ring)

@: flying quickly and evasively, quick
A: beak, talons 3, nimble flight
a: Renounce Religion, Channel Magic


You were on level 7 of the Dungeon.
You worshipped Sif Muna.
Sif Muna was aware of your devotion.
You visited 2 branches of the dungeon, and saw 8 of its levels.

You collected 496 gold pieces.
You spent 110 gold pieces at shops.

Inventory:

Hand Weapons
 d - a +0 dagger (weapon)
Armour
 a - a +0 robe (worn)
 e - the +3 chain mail "Icasiej" {Regen+ MP+9 Int+4}
   (You found it on level 2 of the Dungeon)

   Int:       It affects your intelligence (+4).
   MP:        It affects your magic capacity (+9).
   Regen:     It increases your rate of health regeneration.
 h - a +0 kite shield
 l - a +2 hat (worn)
Jewellery
 i - a ring of flight
 o - a ring of positive energy (left hand)
Wands
 u - a wand of iceblast (9)
Scrolls
 c - 2 scrolls of teleportation
 g - 4 scrolls of magic mapping
 p - a scroll of identify
 t - a scroll of silence
Potions
 b - a potion of magic
 f - a potion of haste
 j - a potion of might
 k - a potion of mutation
 m - a potion of curing
 n - a potion of resistance
 q - a potion of brilliance
 r - 2 potions of lignification
 s - 3 potions of heal wounds
 v - a potion of degeneration
 w - a potion of attraction {unknown}


   Skills:
 + Level 4.4 Fighting
 + Level 4.8 Armour
 + Level 5.5 Dodging
 - Level 2.0 Stealth
 + Level 4.1 Shields
 + Level 4.7 Spellcasting
 + Level 6.2 Conjurations
 * Level 8.1 Fire Magic


You had 11 spell levels left.
You knew the following spells:

 Your Spells              Type           Power      Damage    Failure   Level
a - Foxfire               Conj/Fire      100%       2x1d9     1%          1
b - Scorch                Fire           70%        2d8       1%          2
c - Conjure Flame         Conj/Fire      31%        6-21      1%          3

Your spell library contained the following spells:

 Spells                   Type           Power      Damage    Failure   Level
 Inner Flame              Hex/Fire       20%        N/A       7%          3
 Flame Wave               Conj/Fire      31%        2d8       7%          4


Dungeon Overview and Level Annotations

Branches:
Dungeon (7/15)             Temple (1/1) D:4

Altars:
Ashenzari
Cheibriados
Dithmenos
Elyvilon
Fedhas
Gozag
Hepliaklqana
Kikubaaqudgha
Makhleb
Nemelex Xobeh
Okawaru
Ru
Sif Muna
Trog
Uskayaw
Vehumet
Wu Jian
Xom
Yredelemnul
Zin
The Shining One

Shops:
D:5 ?!([   D:7 (

Annotations:
D:7 Maggie


Innate Abilities, Weirdness & Mutations

You have a beak for a mouth.
You have claws for feet.
Your magical nature lets you fly swiftly and evasively.


Message History

Maggie is moderately wounded.
The foxfire hits Maggie.
Maggie is moderately wounded.
The foxfire hits Maggie but does no damage.
Maggie is moderately wounded.
Casting: Foxfire (safe; 1% risk of failure)
Confirm with . or Enter, or press ? or * to list all spells.
You conjure some foxfire!
The foxfire hits Maggie.
Maggie is heavily wounded.
Casting: Foxfire (safe; 1% risk of failure)
Confirm with . or Enter, or press ? or * to list all spells.
You conjure some foxfire!
The foxfire hits Maggie.
Maggie is heavily wounded.
The foxfire hits Maggie.
Maggie is heavily wounded.
The foxfire hits Maggie but does no damage.
Maggie is heavily wounded.
Casting: Foxfire (safe; 1% risk of failure)
Confirm with . or Enter, or press ? or * to list all spells.
You conjure some foxfire!
You are engulfed in a cloud of scalding steam.
The foxfire hits Maggie but does no damage.
Maggie is heavily wounded.
You are engulfed in a cloud of scalding steam.
The foxfire hits Maggie!
Maggie is severely wounded.
Casting: Foxfire (safe; 1% risk of failure)
Confirm with . or Enter, or press ? or * to list all spells.
You conjure some foxfire!
You are engulfed in a cloud of scalding steam.
Your foxfire dissipates!
You start resting.
Casting: Foxfire (safe; 1% risk of failure)
Confirm with . or Enter, or press ? or * to list all spells.
You conjure some foxfire!
Maggie gestures at you while chanting. The bolt of fire hits you!!
* * * LOW HITPOINT WARNING * * *
You are engulfed in a cloud of scalding steam.
You die...

########## ######
#########........# .....####
#................#
####....####......≈.........#
####........v..))........#
######..≈v@§.....§....#
#≈≈≈≈≈§§)≈≈......#
#≈≈≈≈≈§§)≈≈≈≈≈≈..# #########
#.≈≈§§≈≈≈≈≈≈≈≈≈≈.#
##.......###..≈≈≈§≈≈≈≈≈≈≈≈≈.#
...#####..##...≈≈≈≈≈§≈≈≈≈≈..#
#### ##.......≈≈≈≈§≈@≈....#
.## ###>..)≈≈≈≈≈≈.......#
..##### #...)≈≈≈≈≈.)......#


There were no monsters in sight!

Vanquished Creatures
  A two-headed ogre (D:6)
  A troll (D:6)
  3 black bears
  2 ice beasts (D:6)
  A sky beast (D:6)
  A centaur (D:6)
  A phantom (D:5)
  Blork the orc (D:6)
  A bullfrog (D:7)
  2 scorpions
  8 wights
  2 gnoll shamans (D:7)
  4 hounds
  A jelly (D:6)
  5 orc priests
  3 iguanas (D:6)
  7 orc wizards
  4 gnolls (D:7)
  6 adders
  A shadow imp (D:6)
  A white imp (D:3)
  2 worms
  3 dart slugs
  24 orcs
  3 bats
  5 endoplasms
  3 giant cockroaches
  10 goblins
  3 hobgoblins
  3 kobolds
  5 quokkas
  13 ball pythons
  3 frilled lizards
  2 rats
135 creatures vanquished.

Vanquished Creatures (collateral kills)
  10 foxfires (D:6)
10 creatures vanquished.

Vanquished Creatures (others)
  An orc wizard (D:5)
  2 gnolls (D:7)
  400 foxfires
  2 plants (D:6)
405 creatures vanquished.

Grand Total: 550 creatures vanquished

Notes
Turn   | Place    | Note
-------+----------+-------------------------------------------
     0 | D:1      | kae the Tengu Fire Elementalist began the quest for the
                  | Orb.
     0 | D:1      | Reached XP level 1. HP: 10/10 MP: 4/4
   166 | D:1      | Reached XP level 2. HP: 10/15 MP: 1/6
   261 | D:1      | You fall into a shaft and drop 1 floor!
   325 | D:2      | Found a white marble altar of Elyvilon.
   388 | D:2      | Identified the +3 chain mail "Icasiej" {Regen+ MP+9 Int+4}
   553 | D:2      | Reached XP level 3. HP: 20/20 MP: 5/7
   556 | D:2      | Learned a level 2 spell: Scorch
   560 | D:2      | Learned a level 3 spell: Conjure Flame
   772 | D:1      | Reached skill level 1 in Armour
  1769 | D:1      | Reached XP level 4. HP: 12/24 MP: 5/8
  2026 | D:2      | Reached skill level 4 in Fire Magic
  2546 | D:3      | Found a faded altar of an unknown god.
  2590 | D:3      | Reached skill level 1 in Fighting
  2670 | D:3      | Gained mutation: Your magical nature lets you fly swiftly
                  | and evasively. [Tengu growth]
  2670 | D:3      | Reached XP level 5. HP: 20/29 MP: 2/9
  3081 | D:3      | Noticed a black bear
  3097 | D:3      | Killed a black bear
  3098 | D:3      | Reached skill level 1 in Shields
  3574 | D:3      | Reached XP level 6. HP: 34/34 MP: 6/11
  3757 | D:4      | Found a staircase to the Ecumenical Temple.
  3801 | Temple   | Entered the Ecumenical Temple
  4045 | Temple   | Became a worshipper of Sif Muna the Loreminder
  4176 | D:4      | Noticed a black bear
  4187 | D:4      | Killed a black bear
  5008 | D:5      | Entered Level 5 of the Dungeon
  5008 | D:5      | Found Digowee's Antique Weapon Shop.
  5018 | D:5      | Reached skill level 5 in Fire Magic
  5026 | D:4      | Reached XP level 7. HP: 15/40 MP: 0/12
  5753 | D:5      | Found Tanef's Armour Boutique.
  6031 | D:5      | Found Fuuf's Distillery.
  6396 | D:5      | Bought a potion of lignification for 33 gold pieces
  6399 | D:5      | Bought a potion of curing for 33 gold pieces
  6413 | D:5      | Reached XP level 8. HP: 45/45 MP: 6/14
  6501 | D:5      | Found Utzaepreux's Magic Scroll Boutique.
  6523 | D:5      | Bought a scroll of identify for 22 gold pieces
  6524 | D:5      | Bought a scroll of identify for 22 gold pieces
  6809 | D:6      | Noticed Blork the orc
  6816 | D:6      | Killed Blork the orc
  6817 | D:6      | Reached skill level 6 in Fire Magic
  7000 | D:6      | Reached * piety under Sif Muna
  7006 | D:6      | Noticed a two-headed ogre
  7072 | D:6      | Killed a two-headed ogre
  7073 | D:6      | Reached skill level 5 in Conjurations
  7345 | D:6      | Reached skill level 7 in Fire Magic
  7416 | D:6      | Noticed a troll
  7439 | D:6      | Reached XP level 9. HP: 51/51 MP: 10/16
  7455 | D:6      | Killed a troll
  7715 | D:6      | Reached skill level 5 in Dodging
  8660 | D:7      | Noticed Maggie
  8918 | D:7      | Found Dailo's Antique Weapon Boutique.
  8934 | D:7      | Reached skill level 8 in Fire Magic
  9780 | D:7      | HP: 2/52 [something/bolt of fire (21)]
  9781 | D:7      | Engulfed by Maggie's steam

Illustrated notes

Levels and vault maps discovered:
D:1:      zelgadis_glass_arrival_small, layout_basic, serial_rivers,
          chequers_serial_rivers_micro_c, chequers_serial_rivers_large_b,
          chequers_serial_rivers_small_3, chequers_serial_rivers_micro_b,
          chequers_serial_rivers_micro_b
D:2:      layout_basic, basic_altar, minmay_octomino_c4
D:3:      layout_basic, basic_ecumenical_altar, minmay_bisected
D:4:      layout_gridville, minmay_temple_entry_glass
D:5:      layout_loops_corners, serial_shops, nicolae_stop_n_shop_1, shop,
          kennysheep_mini_moat, nicolae_square_shop
D:6:      layout_loops_cross, enter_ossuary_5, st_stairs_1,
          grunt_decor_resistance, serial_bayou_pond_e, uniq_blork_the_orc
D:7:      layout_rooms, serial_shops, nicolae_lakefront_shop,
          lemuel_old_faithful, uniq_maggie
Temple:   mainiacjoe_temple_archimedes_tessellation

Skill      XL: |  1  2  3  4  5  6  7  8  9 |
---------------+----------------------------+-----
Conjurations   | 2 3 4 5 6 |  6.2
Armour         | 1 2 3 4 |  4.8
Fire Magic     | 4 5 7 8 |  8.1
Fighting       | 1 2 3 4 |  4.4
Dodging        | 3 4 5 |  5.5
Shields        | 1 2 3 4 |  4.1
Spellcasting   | 3 4 |  4.7
Stealth        | |  2.0

Action                   |  1- 3 |  4- 6 |  7- 9 || total
-------------------------+-------+-------+-------++-------
Melee: Kick              |     4 |     9 |    15 ||    28
       Unarmed           |     2 |       |       ||     2
       Dagger            |     8 |    29 |    41 ||    78
       Peck              |     3 |     7 |     7 ||    17
 Cast: Foxfire           |    53 |    62 |   137 ||   252
       Scorch            |       |    14 |    65 ||    79
       Conjure Flame     |       |       |     3 ||     3
  Use: Scroll            |       |    10 |     7 ||    17
       Potion            |       |       |     1 ||     1
Armor: Robe              |     7 |    17 |    18 ||    42
Dodge: Dodged            |    12 |    49 |   114 ||   175

Table legend: (Time is in decaauts)
 A = Elapsed time spent in this place.
 B = Non-inter-level travel time spent in this place.
 C = Inter-level travel time spent in this place.
 D = Time resting spent in this place.
 E = Time spent auto-exploring this place.
 F = Levels seen in this place.
 G = Mean time per level.
                   A        B        C        D        E       F      G
               +--------+--------+--------+--------+--------+-----+--------+
         Total |   9466 |   9118 |    348 |   1087 |   6673 |   8 | 1183.2 |
       Dungeon |   9227 |   8932 |    295 |   1087 |   6502 |   7 | 1318.1 |
        Temple |    238 |    186 |     52 |      0 |    171 |   1 |  238.0 |
               +--------+--------+--------+--------+--------+-----+--------+

Top non-repeatable levels by time:
     D:6: 1792 daAuts
     D:1: 1680 daAuts
     D:5: 1401 daAuts
     D:3: 1276 daAuts
     D:4: 1264 daAuts
     D:7: 1067 daAuts
     D:2: 744 daAuts
  Temple: 238 daAuts
